Map: Oceanborn LE

Players

A.I. 2 (Very Easy) - Winner!

  • Race: Protoss Protoss
  • Spawn Location: 11:00

HuShang

  • Race: Terran Terran
  • Spawn Location: 5:00

VOD

Have the link to the VOD?

Description

Time

  • Played on: Aug. 9, 2024, 12:47 p.m.
  • Length: 7:55
Show
View Real Time Build Order
Export as new Build Order

A.I. 2 (Very Easy) Protoss - Winner!

Build Orders: 1 Gate Expand, Nexus First 

Get SALT Encoding   

  12  0:00  Probe  
  13  0:13  Probe  
  14  0:20  Pylon  
  14  0:42  Gateway  
  14  1:00  Nexus  
  14  1:19  Pylon  
  14  1:21  Zealot  
  14  1:23  Assimilator  
  16  1:33  Probe  
  16  1:35  Cybernetics Core  
  17  1:42  Probe  
  18  1:52  Probe  
  19  2:01  Probe  
  19  2:03  Assimilator  
  20  2:11  Probe  
  20  2:14  Warp Gate  
  20  2:15  Probe, Stalker  
  23  2:22  Probe  
  25  2:33  Probe  
  26  2:45  Probe  
  27  2:52  Probe  
  27  2:55  Assimilator  
  27  2:57  Pylon  
  28  2:59  Probe  
  29  3:06  Probe  
  30  3:13  Probe  
  30  3:15  Robotics Facility  
  31  3:25  Zealot  
  31  3:26  Probe  
  34  3:29  Probe  
  35  3:40  Probe  
  36  3:47  Probe  
  37  3:54  Probe  
  38  4:00  Observer  
  38  4:01  Probe  
  40  4:09  Assimilator, Probe  
  41  4:12  Observer  
  41  4:14  Probe  
  42  4:23  Probe  
  44  4:26  Probe  
  45  4:34  Pylon  
  45  4:35  Stalker  
  45  4:37  Probe  
  48  4:44  Probe  
  49  4:51  Probe  
  50  5:22  Probe  
  48  5:33  Probe  
  45  5:36  Probe  
  41  5:45  Stalker  
  41  5:47  Probe  
  39  5:54  Probe  
  38  6:02  Probe  
  39  6:09  Probe  
  40  6:14  Probe  
  41  6:21  Probe  
  42  6:26  Probe  
  43  6:33  Probe  
  44  6:45  Probe  
  45  6:52  Probe  
  46  6:55  Stalker  
Show
View Real Time Build Order
Export as new Build Order

HuShang Terran 

Build Orders: Liberator Opening, Reaper Expand 

Get SALT Encoding   

  12  0:00  SCV  
  13  0:12  SCV  
  14  0:18  Supply Depot  
  14  0:25  SCV  
  15  0:39  SCV  
  15  0:42  Barracks  
  16  0:46  Refinery  
  16  0:51  SCV  
  17  1:03  SCV  
  18  1:15  SCV  
  19  1:29  Orbital Command  
  19  1:30  Reaper  
  20  1:42  Command Center  
  20  1:53  Supply Depot  
  20  1:55  SCV  
  21  2:07  Marine  
  22  2:08  Factory  
  22  2:12  SCV  
  23  2:19  Refinery  
  23  2:24  SCV  
  23  2:28  Barracks Reactor  
  24  2:36  SCV  
  25  2:42  Bunker  
  25  2:48  SCV  
  26  2:58  Starport  
  26  3:00  SCV  
  26  3:04  Factory Tech Lab  
  27  3:07  Orbital Command  
  27  3:11  Marine x2  
  27  3:12  SCV  
  29  3:24  SCV  
  30  3:32  Marine x2  
  32  3:35  Siege Tank  
  32  3:37  SCV x2  
  37  3:49  SCV x2  
  37  3:52  Liberator, Barracks  
  42  3:55  Barracks  
  42  4:00  Marine x2  
  42  4:01  SCV x2  
  46  4:05  Supply Depot  
  46  4:22  Supply Depot  
  46  4:26  Marine x2  
  46  4:27  SCV x2, Siege Tank  
  53  4:36  Starport Tech Lab  
  53  4:39  SCV  
  53  4:44  SCV  
  53  4:45  Supply Depot, Marine x2  
  56  4:51  SCV  
  58  4:56  SCV  
  58  4:59  Supply Depot  
  59  5:03  SCV  
  60  5:07  Starport Reactor  
  60  5:08  SCV  
  60  5:09  Factory Tech Lab  
  61  5:14  Marine x4  
  61  5:15  SCV, Combat Shield, Stimpack  
  61  5:20  SCV  
  67  5:27  SCV  
  68  5:30  Command Center, Barracks  
  68  5:31  Barracks  
  68  5:32  SCV, Marine x4  
  73  5:38  Siege Tank  
  73  5:39  SCV  
  77  5:44  SCV, Refinery  
  77  5:45  Refinery  
  77  5:47  Supply Depot  
  78  5:50  Supply Depot  
  78  5:51  SCV  
  78  5:56  SCV  
  77  5:59  Engineering Bay  
  77  6:01  Engineering Bay  
  77  6:03  SCV  
  78  6:09  SCV  
  79  6:16  SCV  
  80  6:21  SCV  
  80  6:24  Barracks Tech Lab, Barracks Reactor  
  81  6:26  Marine x4  
  81  6:28  SCV, Siege Tank  
  81  6:29  Medivac  
  91  6:33  SCV  
  92  6:40  SCV  
  92  6:43  Marine  
  92  6:44  Marine x3  
  92  6:45  SCV  
  98  6:51  Refinery  
  98  6:52  Refinery, SCV  
  99  6:57  SCV  
  99  6:58  Concussive Shells  
  99  6:59  Orbital Command  
  100  7:04  SCV  
  100  7:07  Medivac, Siege Tank  
  106  7:09  Marauder, Marine  
  109  7:17  Supply Depot x2  
  109  7:18  Supply Depot  
  109  7:28  Armory  
  109  7:39  SCV x3  
  132  7:54  Supply Depot x2  
Tags
 
Add a new tag
Caveats
  • Supply blocks, unpowered buildings, or Contaminate may cause inaccurate times.
  • Supply counts are checked every 10 seconds.